 Dungeon Crawl Stone Soup version 0.30-a0-141-g30f27751c5 (webtiles) character file.

Game seed: 6025353223611573980

710 Flugkiller the Cleaver (level 7, -1/63 HPs)
             Began as a Hill Orc Berserker on Sept 25, 2022.
             Was a Priest of Trog.
             Slain by a gnoll
             ... wielding a +0 club
              (4 damage)
             ... on level 3 of the Dungeon.
             The game lasted 00:02:29 (2068 turns).

Flugkiller the Cleaver (Hill Orc Berserker)         Turns: 2068, Time: 00:02:29

Health: -1/63      AC: 10    Str: 22    XL:     7   Next: 68%
Magic:  7/7        EV: 11    Int:  7    God:    Trog [***...]
Gold:   130        SH:  0    Dex: 10    Spells: 6/6 levels left

rFire   . . .      SeeInvis .    a - +0 hand axe
rCold   + . .      Faith    .    (no shield)
rNeg    . . .      Spirit   .    l - +1 ring mail {rC+}
rPois   .          Reflect  .    c - +0 helmet
rElec   .          Harm     .    (no cloak)
rCorr   .          Rampage  +    (no gloves)
Will    ++...                    k - +1 pair of boots {rampage}
Stlth   ..........               (no amulet)
HPRegen 1.20/turn                (no ring)
MPRegen 0.10/turn                (no ring)

@: strong-willed, on berserk cooldown, regenerating, hasted and slowed
A: no striking features
a: Renounce Religion, Berserk, Trog's Hand


You were on level 3 of the Dungeon.
You worshipped Trog.
Trog was most pleased with you.
You visited 1 branch of the dungeon, and saw 3 of its levels.

You collected 130 gold pieces.

Inventory:

Hand Weapons
 a - a +0 hand axe (weapon)
Missiles
 q - a throwing net (quivered)
Armour
 b - a +0 animal skin
 c - a +0 helmet (worn)
   (You found it on level 1 of the Dungeon)
 k - a +1 pair of boots of rampaging (worn)
   (You found it on level 2 of the Dungeon)
 l - a +1 ring mail of cold resistance (worn)
   (You took it off Terence on level 2 of the Dungeon)
Scrolls
 f - 2 scrolls of vulnerability
 i - a scroll of enchant weapon
 p - a scroll of blinking {unknown}
Potions
 g - a potion of might {unknown}
 m - a potion of invisibility {unknown}


   Skills:
 + Level 6.0 Fighting
 * Level 8.6 Axes
 + Level 4.9 Armour
 - Level 1.5 Dodging


You had 6 spell levels left.
You didn't know any spells.
Your spell library was empty.

Dungeon Overview and Level Annotations

Branches:
Dungeon (3/15) Zot: 15890

Altars:
Zin


Message History

You feel sick.
You are no longer poisoned.
The howler monkey hits you but does no damage.
An orc comes into view. It is wielding a +0 hand axe.
The howler monkey hoots and howls with incredible vigour!
You closely miss the howler monkey.
The howler monkey is almost dead.
The howler monkey hits you but does no damage.
The orc closely misses you.
The howler monkey hits you but does no damage.
You hit the howler monkey.
You kill the howler monkey!
Trog accepts your kill.
The orc hits you from afar with a +0 trident.
A gnoll comes into view. It is wielding a +0 spear.
Your Fighting skill increases to level 6!
The orc enters a dispersal trap!
The gnoll blinks!
The orc blinks! x2
The gnoll blinks!
You blink.
The orc blinks!
A gnoll comes into view. It is wielding a +0 club.
The gnoll barely misses you. The orc hits you but does no damage.
You rampage towards the gnoll!
You hit the gnoll but do no damage. You barely miss the orc.
The gnoll hits you with a +0 whip. The gnoll hits you but does no damage.
The orc barely misses you.
You barely miss the gnoll. You hit the orc but do no damage.
The orc hits you with a +0 flail. The gnoll barely misses you.
The gnoll hits you but does no damage.
You completely miss the gnoll. You barely miss the orc.
The orc barely misses you. The gnoll hits you but does no damage.
The gnoll barely misses you.
As you read the scroll labelled NIACHUPNUT, it crumbles to dust.
You hear a loud clanging noise!
It was a scroll of noise.
The sentinel's mark upon you fades away.
You hear a bark!
The gnoll hits you from afar with a +0 spear.
The orc closely misses you. The gnoll hits you but does no damage.
A gnoll comes into view. It is wielding a +0 club.
The orc misses you.
The gnoll hits you from afar with a +0 spear.
The gnoll hits you with a +0 whip.
Unknown command.
Unknown command.
Unknown command.
Unknown command.
Okay, then.
Your skin crawls.
You feel strong-willed.
The gnoll hits you from afar with a +0 spear.
The orc hits you but does no damage.
A gnoll and an orc come into view.
The gnoll shouts!
The orc shouts!
The orc barely misses you. The gnoll hits you but does no damage.
The gnoll hits you from afar with a +0 spear.
The gnoll hits you with a +0 whip.
* * * LOW HITPOINT WARNING * * *
The orc hits you but does no damage.
You hit the gnoll but do no damage. You hit the orc but do no damage.
You closely miss the gnoll. The gnoll hits you with a +0 club.
* * * LOW HITPOINT WARNING * * *
The orc barely misses you. The gnoll barely misses you. x2
The orc hits you from afar with a +0 trident.
* * * LOW HITPOINT WARNING * * *
It was a potion of heal wounds.
You feel much better. The orc barely misses you.
The gnoll hits you with a +0 club. The gnoll hits you but does no damage.
The orc hits you from afar with a +0 trident.
The gnoll closely misses you. The gnoll hits you but does no damage.
The orc hits you but does no damage. The gnoll closely misses you.
The orc hits you from afar with a +0 trident.
The gnoll hits you but does no damage.
It was a potion of curing.
You feel better. The orc hits you with a +0 flail.
The gnoll hits you with a +0 club.
The gnoll hits you from afar with a +0 spear.
The orc hits you but does no damage. The gnoll barely misses you.
It was a potion of haste.
You feel yourself speed up. The gnoll hits you with a +0 club.
The gnoll hits you from afar with a +0 spear.
The orc hits you but does no damage. x2; The gnoll hits you with a +0 whip.
* * * LOW HITPOINT WARNING * * *
The gnoll hits you but does no damage. The orc closely misses you.
The gnoll closely misses you. The gnoll barely misses you.
The orc closely misses you.
Unknown command.
The air fills with toxic fumes!
As you read the scroll labelled TOSA UCILE, it crumbles to dust.
It was a scroll of poison.
The gnoll hits you with a +0 club.
* * * LOW HITPOINT WARNING * * *
The gnoll hits you from afar with a +0 spear.
* * * LOW HITPOINT WARNING * * *
The orc closely misses you. The gnoll barely misses you.
The orc hits you with a +0 flail!
* * * LOW HITPOINT WARNING * * *
As you read the scroll labelled VASUDU GEKLAN, it crumbles to dust.
It is a scroll of amnesia.
You feel forgetful for a moment. The gnoll misses you.
The orc closely misses you.
The orc hits you from afar with a +0 trident.
* * * LOW HITPOINT WARNING * * *
The gnoll hits you with a +0 club.
You die...

..#############''''######
'#§...' #....# ..§§..#
#....# ###.§§.# #....#
#.##)§#########....######
#...)†§§§§§§o.#§...#.)...
#[..)^.oog#8.§§§...'.[)..
#.##))##og#8§§§§...[)[)..
###?...#@gogg§#8..8#.....
.....##################
'#....'. ..#+###### .. ##


You could see 5 gnolls and 4 orcs.

Vanquished Creatures
  Sigmund (D:2)
  A sky beast (D:3)
  A gnoll sergeant (D:3)
  2 howler monkeys (D:3)
  A gnoll bouda (D:3)
  Jessica (D:2)
  An orc wizard (D:3)
  Terence (D:2)
  5 adders
  7 gnolls (D:3)
  2 worms (D:2)
  3 dart slugs
  15 orcs (D:3)
  6 endoplasms
  2 giant cockroaches (D:1)
  6 goblins
  4 hobgoblins
  8 jackals (D:3)
  4 quokkas
  3 ball pythons (D:2)
  2 bats
  3 frilled lizards
  7 rats
  A spectral hobgoblin (D:2)
87 creatures vanquished.

Notes
Turn   | Place    | Note
-------+----------+-------------------------------------------
     0 | D:1      | Flugkiller the Hill Orc Berserker began the quest for the
                  | Orb.
     0 | D:1      | Reached XP level 1. HP: 19/19 MP: 1/1
   166 | D:1      | Reached XP level 2. HP: 27/27 MP: 2/2
   305 | D:1      | Reached ** piety under Trog
   326 | D:1      | Reached XP level 3. HP: 25/33 MP: 3/3
   369 | D:1      | You fall into a shaft and drop 1 floor!
   402 | D:2      | Noticed Sigmund
   452 | D:2      | Killed Sigmund
   453 | D:2      | Reached skill level 6 in Axes
   453 | D:2      | Reached XP level 4. HP: 41/41 MP: 4/4
   453 | D:2      | Reached XP level 5. HP: 47/47 MP: 5/5
   494 | D:2      | Found a glowing silver altar of Zin.
   642 | D:2      | Noticed Terence
   657 | D:2      | Killed Terence
   658 | D:2      | Reached skill level 5 in Fighting
   658 | D:2      | Reached XP level 6. HP: 46/56 MP: 6/6
   866 | D:2      | Found a faded altar of an unknown god.
  1246 | D:2      | Noticed Jessica
  1251 | D:2      | Killed Jessica
  1252 | D:2      | Reached skill level 7 in Axes
  1382 | D:3      | Noticed a sky beast
  1392 | D:3      | Killed a sky beast
  1545 | D:3      | Found a glowing silver altar of Zin.
  1837 | D:3      | Reached XP level 7. HP: 61/61 MP: 7/7
  1848 | D:3      | Reached skill level 8 in Axes
  2044 | D:3      | Reached *** piety under Trog
  2053 | D:3      | Identified the +0 leather armour of Soevaom {rPois rC+}
  2068 | D:3      | HP: 3/63 [orc/+0 trident (4)]
  2068 | D:3      | Slain by a gnoll

Illustrated notes

Levels and vault maps discovered:
D:1:      minmay_arrival_four_circles, layout_loops_ring
D:2:      layout_basic, basic_altar, dreamdust_ecumenical_altar_drowned_temple,
          uniq_jessica, uniq_sigmund, uniq_terence
D:3:      lemuel_castle_with_subvaults [lemuel_castle_interior_carwin_2],
          layout_loops_ring, nicolae_overflow_crystal_walls

Skill      XL: |  1  2  3  4  5  6  7 |
---------------+----------------------+-----
Fighting       | 4 5 6 |  6.0
Axes           | 6 7 8 |  8.6
Armour         | 3 4 |  4.9
Dodging        | |  1.5

Action                   |  1- 3 |  4- 6 |  7- 9 || total
-------------------------+-------+-------+-------++-------
Melee: Hand axe          |    67 |   142 |    68 ||   277
       Punch             |     1 |     1 |     2 ||     4
Invok: Berserk           |     1 |     5 |     1 ||     7
       Trog's Hand       |     1 |       |     1 ||     2
  Use: Scroll            |     1 |     1 |     3 ||     5
       Potion            |       |       |     3 ||     3
Armor: Animal skin       |    17 |    10 |       ||    27
       Ring mail         |       |    38 |    38 ||    76
Dodge: Dodged            |    41 |    75 |    54 ||   170

Table legend: (Time is in decaauts)
 A = Elapsed time spent in this place.
 B = Non-inter-level travel time spent in this place.
 C = Inter-level travel time spent in this place.
 D = Time resting spent in this place.
 E = Time spent auto-exploring this place.
 F = Levels seen in this place.
 G = Mean time per level.
                   A        B        C        D        E       F      G
               +--------+--------+--------+--------+--------+-----+--------+
         Total |   2108 |   2099 |      9 |    402 |   1113 |   3 |  702.7 |
       Dungeon |   2108 |   2099 |      9 |    402 |   1113 |   3 |  702.7 |
               +--------+--------+--------+--------+--------+-----+--------+

Top non-repeatable levels by time:
     D:2: 989 daAuts
     D:3: 745 daAuts
     D:1: 373 daAuts
